 Dungeon Crawl Stone Soup version 0.29.0-4-gdea44cf6ec (webtiles) character file.

Game seed: 15750883210165955565

4223 qw the Cleaver (level 10, -3/86 HPs)
             Began as a Ghoul Summoner on Sept 10, 2022.
             Was a Follower of Okawaru.
             Slain by a wyvern (11 damage)
             ... on level 8 of the Dungeon.
             The game lasted 00:03:57 (11587 turns).

qw the Cleaver (Ghoul Summoner)                    Turns: 11587, Time: 00:03:57

Health: -3/86      AC: 19    Str: 17    XL:     10   Next: 30%
Magic:  10/12      EV:  8    Int: 10    God:    Okawaru [*.....]
Gold:   490        SH:  0    Dex: 15    Spells: 11/12 levels left

rFire   . . .      SeeInvis +   Y - +1 war axe (vorpal)
rCold   + . .      Faith    .   (no shield)
rNeg    + + +      Spirit   .   l - +0 plate armour
rPois   inf        Reflect  .   e - +1 helmet
rElec   .          Harm     .   d - +0 cloak
rCorr   .          Rampage  .   (no gloves)
Will    .....                   k - +0 pair of boots
Stlth   ..........              (no amulet)
HPRegen 0.00/turn               h - ring of see invisible
MPRegen 0.13/turn               o - +6 ring of dexterity

@: about to teleport, heroic, inhibited regen
A: claws 1, cold resistance 1, negative energy resistance 3, inhibited
regeneration, torment resistance 2, devour on kill
a: Renounce Religion, Heroism


You were on level 8 of the Dungeon.
You worshipped Okawaru.
Okawaru was aware of your devotion.
You visited 2 branches of the dungeon, and saw 10 of its levels.

You collected 490 gold pieces.


Innate Abilities, Weirdness & Mutations

You are immune to poison.
You have sharp fingernails.
Your flesh is cold resistant. (rC+)
You are immune to negative energy. (rN+++)
You do not regenerate when monsters are visible.
You are immune to unholy pain and torment.
You thrive by killing the living.


   Skills:
 - Level 7.3(12.3) Fighting
 + Level 9.4(14.4) Axes
 - Level 2.8(7.8) Throwing
 - Level 5.0(10.0) Armour
 - Level 2.4(7.4) Dodging
 - Level 2.1(7.1) Stealth
 - Level 1.7 Spellcasting
 - Level 3.6 Summonings
 - Level 4.0 Invocations


You had 11 spell levels left.
You knew the following spells:

 Your Spells              Type           Power      Damage    Failure   Level
a - Summon Small Mammal   Summ           32%        N/A       88%         1

Your spell library contained the following spells:

 Spells                   Type           Power      Damage    Failure   Level
 Call Imp                 Summ           Unusable   N/A       N/A         2
 Call Canine Familiar     Summ           Unusable   N/A       N/A         3
 Summon Guardian Golem    Hex/Summ       Unusable   N/A       N/A         3
 Summon Lightning Spire   Summ/Air       Unusable   N/A       N/A         4

Inventory:

Hand Weapons
 c - a +2 morningstar
 Y - a +1 vorpal war axe (weapon)
Missiles
 i - 6 javelins (quivered)
 n - 2 boomerangs
Armour
 d - a +0 cloak (worn)
 e - a +1 helmet (worn)
 k - a +0 pair of boots (worn)
 l - a +0 plate armour (worn)
Jewellery
 h - a ring of see invisible (left claw)
 o - a +6 ring of dexterity (right claw)
 p - a ring of fire
Scrolls
 a - a scroll of teleportation
 g - 3 scrolls of identify
Potions
 b - 2 potions of might
 f - a potion of mutation
 j - a potion of curing
 m - 2 potions of cancellation
 q - a potion of resistance

Dungeon Overview and Level Annotations

Branches:
Dungeon (9/15)             Temple (1/1) D:6
   Lair: D:8-11         Orc: D:9-12

Altars:
Cheibriados
Dithmenos
Fedhas
Gozag
Hepliaklqana
Kikubaaqudgha
Makhleb
Nemelex Xobeh
Okawaru
Qazlal
Sif Muna
Trog
Uskayaw
Vehumet
Wu Jian
Xom
Yredelemnul

Shops:
D:1 [   D:7 :

Annotations:
D:6 4 runed translucent doors, Crazy Yiuf; qw's ghost, novice GrFi


Message History

There is a stone staircase leading down here.
11580 ||| INVOKING Heroism.
You gain the combat prowess of a mighty hero.
The wyvern bites you but does no damage.
The wyvern bites you. The two-headed ogre closely misses you.
The two-headed ogre hits you but does no damage.
You hit the two-headed ogre but do no damage.
You hit the wyvern. The wyvern bites you.
You closely miss the wyvern. Your claw misses the wyvern.
The wyvern is moderately wounded.
You slash the two-headed ogre! The wyvern barely misses you.
The two-headed ogre hits you with a +0 giant club!!
The two-headed ogre hits you with a +0 giant club.
You hit the wyvern but do no damage.
The wyvern is moderately wounded.
You hit the two-headed ogre but do no damage.
The wyvern bites you.
You closely miss the wyvern.
The wyvern is moderately wounded.
You hit the two-headed ogre. The wyvern closely misses you.
The two-headed ogre hits you with a +0 giant club. x2
The wyvern bites you but does no damage.
You slash the two-headed ogre!
The two-headed ogre is heavily wounded.
You hit the wyvern but do no damage. The wyvern closely misses you.
You slice the two-headed ogre!! Your claw misses the two-headed ogre.
The two-headed ogre is almost dead.
You closely miss the wyvern.
The wyvern bites you but does no damage.
The two-headed ogre hits you with a +0 giant club!
The two-headed ogre barely misses you.
11587 ||| READING 2 scrolls of teleportation.
As you read the scroll of teleportation, it crumbles to dust.
You feel strangely unstable. The wyvern bites you!
You die...

#.#.# #### #.#.# #... #.#.#
##'## #.#.# #...#
#.#.################# #...#
#.#.................# #...#
#.#################.# #?..#
##.#........l..#####.## #...#
#..#.#######@O........# #...#
##.#.# ##.%.#####..###...#
#.#.# #.................#
#.#.# ###....######..######
#.#.# #....#...............
##.#.# #....######.#..######
#....# #....#.?..#.#...#####
###########..#.#.######.....#
#............#.#~.~#.......


You could see a two-headed ogre and a wyvern.

Vanquished Creatures
  A kobold demonologist (D:8)
  A troll (D:8)
  4 steam dragons
  2 water moccasins
  An orc warrior (D:7)
  4 black bears
  3 ice beasts
  2 sky beasts (D:6)
  3 centaurs
  2 phantoms
  A bullfrog (D:6)
  5 scorpions
  2 gnoll sergeants
  6 wights
  A jelly (D:7)
  A hound (D:4)
  6 orc priests
  A gnoll bouda (D:7)
  6 orc wizards
  7 iguanas
  Robin (D:3)
  11 gnolls
  7 adders
  2 shadow imps
  6 white imps
  An ufetubus (D:7)
  A worm (D:5)
  2 dart slugs
  26 orcs
  8 endoplasms
  2 giant cockroaches
  8 goblins
  10 hobgoblins
  7 jackals
  4 quokkas
  7 ball pythons
  6 bats
  3 frilled lizards (D:2)
  4 kobolds
  4 rats
179 creatures vanquished.

Vanquished Creatures (collateral kills)
  A ball python (D:1)
  An endoplasm (D:1)
  2 hobgoblins (D:1)
  2 goblins (D:1)
  2 rats (D:1)
8 creatures vanquished.

Vanquished Creatures (others)
  3 fungi (D:9)
  10 plants
  4 toadstools (D:1)
17 creatures vanquished.

Grand Total: 204 creatures vanquished

Notes
Turn   | Place    | Note
-------+----------+-------------------------------------------
     0 | D:1      | qw the Ghoul Summoner began the quest for the Orb.
     0 | D:1      | Reached XP level 1. HP: 14/14 MP: 2/2
     0 | D:1      | 0 ||| qw: Version: 0.1-a-116-g5d60599
     0 | D:1      | 0 ||| qw: Game counter: 7579
     0 | D:1      | 0 ||| qw: Always use a shield: true
     0 | D:1      | 0 ||| qw: God list: Okawaru
     0 | D:1      | 0 ||| qw: Allow faded altars: false
     0 | D:1      | 0 ||| qw: Do Orc after D:15 true
     0 | D:1      | 0 ||| qw: Do second Lair branch before Depths: true
     0 | D:1      | 0 ||| qw: Lair rune preference: random
     0 | D:1      | 0 ||| qw: Plans: Normal
     0 | D:1      | 0 ||| PLANNING D:1-11
     3 | D:1      | 3 ||| CASTING Summon Small Mammal
     4 | D:1      | 4 ||| CASTING Summon Small Mammal
    16 | D:1      | 16 ||| CASTING Summon Small Mammal
    68 | D:1      | 68 ||| CASTING Summon Small Mammal
    69 | D:1      | 69 ||| CASTING Summon Small Mammal
    77 | D:1      | 77 ||| Stepping ~*~*~tactically~*~*~ (outnumbered).
    80 | D:1      | 80 ||| CASTING Summon Small Mammal
    93 | D:1      | 93 ||| CASTING Summon Small Mammal
    97 | D:1      | Reached skill level 1 in Axes
   323 | D:1      | 323 ||| Wielding weapon +0 club.
   362 | D:1      | 362 ||| CASTING Summon Small Mammal
   363 | D:1      | 363 ||| CASTING Summon Small Mammal
   392 | D:1      | Found Yciaj's Armour Boutique.
   393 | D:1      | 393 ||| CASTING Summon Small Mammal
   395 | D:1      | 395 ||| CASTING Summon Small Mammal
   399 | D:1      | Reached XP level 2. HP: 22/22 MP: 0/3
   436 | D:1      | 436 ||| SHOPLISTING +0 acid dragon scales (560 gold, have
                  | 11).
   436 | D:1      | 436 ||| SHOPLISTING +0 leather armour (28 gold, have 11).
   436 | D:1      | 436 ||| SHOPLISTING +0 ring mail (56 gold, have 11).
   436 | D:1      | 436 ||| SHOPLISTING +1 scale mail "Umeul" {rElec rC- Dex+4}
                  | (341 gold, have 11).
   436 | D:1      | 436 ||| SHOPLISTING +1 scale mail of poison resistance (182
                  | gold, have 11).
   436 | D:1      | 436 ||| SHOPLISTING +3 ring mail (294 gold, have 11).
   436 | D:1      | 436 ||| CASTING Summon Small Mammal
   437 | D:1      | 437 ||| CASTING Summon Small Mammal
   438 | D:1      | 438 ||| CASTING Summon Small Mammal
   442 | D:1      | Reached skill level 1 in Fighting
   485 | D:1      | 485 ||| CASTING Summon Small Mammal
   486 | D:1      | 486 ||| CASTING Summon Small Mammal
   487 | D:1      | 487 ||| CASTING Summon Small Mammal
   493 | D:1      | 493 ||| Stepping ~*~*~tactically~*~*~ (stealth).
   497 | D:1      | 497 ||| CASTING Summon Small Mammal
   503 | D:1      | 503 ||| Stepping ~*~*~tactically~*~*~ (outnumbered).
   509 | D:1      | 509 ||| CASTING Summon Small Mammal
   513 | D:1      | HP: 4/23 [goblin/+0 dagger (2)]
   794 | D:1      | 794 ||| SWAPPING to +0 spear.
   795 | D:1      | 795 ||| DROPPING +0 club.
   802 | D:1      | 802 ||| CASTING Summon Small Mammal
   803 | D:1      | 803 ||| CASTING Summon Small Mammal
   804 | D:1      | 804 ||| CASTING Summon Small Mammal
   879 | D:1      | 879 ||| CASTING Summon Small Mammal
   880 | D:1      | 880 ||| CASTING Summon Small Mammal
   881 | D:1      | 881 ||| CASTING Summon Small Mammal
   891 | D:1      | 891 ||| CASTING Summon Small Mammal
   949 | D:1      | 949 ||| CASTING Summon Small Mammal
   950 | D:1      | 950 ||| CASTING Summon Small Mammal
   951 | D:1      | 951 ||| CASTING Summon Small Mammal
   961 | D:1      | 961 ||| CASTING Summon Small Mammal
  1000 | D:1      | 1000 ||| CASTING Summon Small Mammal
  1001 | D:1      | 1001 ||| CASTING Summon Small Mammal
  1002 | D:1      | 1002 ||| CASTING Summon Small Mammal
  1071 | D:1      | 1071 ||| Stepping ~*~*~tactically~*~*~ (hiding).
  1226 | D:1      | 1226 ||| CASTING Summon Small Mammal
  1227 | D:1      | 1227 ||| CASTING Summon Small Mammal
  1228 | D:1      | 1228 ||| CASTING Summon Small Mammal
  1267 | D:1      | 1267 ||| CASTING Summon Small Mammal
  1268 | D:1      | 1268 ||| CASTING Summon Small Mammal
  1269 | D:1      | 1269 ||| CASTING Summon Small Mammal
  1347 | D:1      | 1347 ||| CASTING Summon Small Mammal
  1348 | D:1      | 1348 ||| CASTING Summon Small Mammal
  1349 | D:1      | 1349 ||| CASTING Summon Small Mammal
  1359 | D:1      | 1359 ||| CASTING Summon Small Mammal
  1424 | D:1      | 1424 ||| CASTING Summon Small Mammal
  1425 | D:1      | 1425 ||| CASTING Summon Small Mammal
  1426 | D:1      | 1426 ||| CASTING Summon Small Mammal
  1437 | D:1      | 1437 ||| CASTING Summon Small Mammal
  1766 | D:1      | 1766 ||| UPGRADING to +0 pair of gloves.
  1771 | D:1      | 1771 ||| UPGRADING to +0 chain mail.
  1781 | D:1      | 1781 ||| DROPPING +0 robe.
  1782 | D:1      | 1782 ||| UPGRADING to amulet of guardian spirit.
  1787 | D:1      | 1787 ||| READING scroll labelled EPOFAZU TUICK.
  1788 | D:1      | 1788 ||| READING scroll labelled CEUXYICOATZ.
  1792 | D:1      | 1792 ||| READING scroll labelled ZIATZE FODABA.
  1793 | D:1      | 1793 ||| READING scroll labelled CAUR RYESAUGH.
  1794 | D:1      | 1794 ||| DROPPING potion of magic.
  1819 | D:2      | Reached skill level 2 in Axes
  1819 | D:2      | Reached XP level 3. HP: 28/28 MP: 4/4
  1982 | D:2      | 1982 ||| Stepping ~*~*~tactically~*~*~ (stealth).
  2127 | D:2      | You fall into a shaft and drop 2 floors!
  2128 | D:4      | 2128 ||| READING scroll labelled LUGARO ITTEIBINE.
  2142 | D:3      | 2142 ||| Stepping ~*~*~tactically~*~*~ (stealth).
  2150 | D:3      | 2150 ||| Stepping ~*~*~tactically~*~*~ (outnumbered).
  2151 | D:3      | 2151 ||| Stepping ~*~*~tactically~*~*~ (outnumbered).
  2151 | D:3      | Noticed Robin
  2152 | D:3      | 2152 ||| Stepping ~*~*~tactically~*~*~ (outnumbered).
  2160 | D:3      | Reached skill level 1 in Armour
  2175 | D:3      | Killed Robin
  2210 | D:3      | Reached XP level 4. HP: 11/36 MP: 3/5
  2210 | D:3      | HP: 9/36 [goblin/+0 dagger[Robin] (2)]
  2211 | D:3      | 2211 ||| READING 3 scrolls of teleportation.
  2794 | D:3      | 2794 ||| Stepping ~*~*~tactically~*~*~ (stealth).
  2874 | D:3      | 2874 ||| UPGRADING to +1 helmet.
  2879 | D:3      | 2879 ||| READING scroll labelled JIXOTO LAYGE.
  2880 | D:3      | 2880 ||| READING scroll labelled ALUASO YFFATTO.
  3048 | D:2      | Reached skill level 3 in Axes
  3122 | D:2      | 3122 ||| Stepping ~*~*~tactically~*~*~ (hiding).
  3443 | D:2      | Reached XP level 5. HP: 32/41 MP: 4/6
  3490 | D:2      | 3490 ||| DRINKING 4 glowing coppery potions.
  3491 | D:2      | 3491 ||| DROPPING 3 potions of brilliance.
  3621 | D:3      | 3621 ||| Stepping ~*~*~tactically~*~*~ (stealth).
  3622 | D:3      | 3622 ||| Stepping ~*~*~tactically~*~*~ (stealth).
  3628 | D:3      | 3628 ||| Stepping ~*~*~tactically~*~*~ (outnumbered).
  3629 | D:3      | 3629 ||| Stepping ~*~*~tactically~*~*~ (outnumbered).
  3630 | D:3      | 3630 ||| Stepping ~*~*~tactically~*~*~ (hiding).
  3631 | D:3      | 3631 ||| Stepping ~*~*~tactically~*~*~ (hiding).
  3642 | D:3      | Reached skill level 1 in Throwing
  3769 | D:3      | 3769 ||| SWAPPING to +0 hand axe.
  3770 | D:3      | 3770 ||| DROPPING +0 spear.
  4054 | D:3      | 4054 ||| READING scroll labelled SEMIMITZOSCH.
  4055 | D:3      | 4055 ||| READING scroll labelled GAFEON OG UTE.
  4056 | D:3      | 4056 ||| READING 2 scrolls of identify.
  4056 | D:3      | 4056 ||| IDENTIFYING bubbling puce potion
  4104 | D:4      | 4104 ||| Stepping ~*~*~tactically~*~*~ (stealth).
  4108 | D:4      | 4108 ||| Stepping ~*~*~tactically~*~*~ (stealth).
  4153 | D:4      | 4153 ||| Stepping ~*~*~tactically~*~*~ (stealth).
  4199 | D:4      | Reached skill level 4 in Axes
  4364 | D:4      | Reached skill level 3 in Fighting
  4364 | D:4      | Reached XP level 6. HP: 51/51 MP: 5/7
  4487 | D:4      | Identified the +3 robe of Decompression {rC+ SInv Stlth+}
  4663 | D:4      | 4663 ||| UPGRADING to ring of see invisible.
  4664 | D:4      | 4664 ||| READING scroll labelled IFA IDUMOESM.
  4665 | D:4      | 4665 ||| READING 2 scrolls of identify.
  4665 | D:4      | 4665 ||| IDENTIFYING viscous orange potion
  4704 | D:5      | Entered Level 5 of the Dungeon
  5259 | D:5      | Noticed an ice beast
  5274 | D:5      | Killed an ice beast
  5275 | D:5      | Reached skill level 5 in Axes
  5275 | D:5      | Reached XP level 7. HP: 36/57 MP: 4/8
  5945 | D:5      | 5945 ||| Stepping ~*~*~tactically~*~*~ (hiding).
  5946 | D:5      | 5946 ||| Stepping ~*~*~tactically~*~*~ (hiding).
  5962 | D:5      | Reached skill level 6 in Axes
  5962 | D:5      | Reached XP level 8. HP: 39/66 MP: 3/9
  6246 | D:5      | 6246 ||| READING scroll labelled ECAOBL OSOI.
  6246 | D:5      | Identified a scroll of acquirement
  6246 | D:5      | 6246 ||| ACQUIRING +3 Mad Mage's Maulers {Infuse+∞ RegenMP
                  | Int-3}
  6246 | D:5      | Acquired the +3 Mad Mage's Maulers {Infuse+∞ RegenMP Int-3}
  6246 | D:5      | Found the +3 Mad Mage's Maulers {Infuse+∞ RegenMP Int-3}
  6248 | D:5      | 6248 ||| UPGRADING to +3 Mad Mage's Maulers {Infuse+∞
                  | RegenMP Int-3}.
  6258 | D:5      | 6258 ||| DROPPING +0 pair of gloves.
  6259 | D:5      | 6259 ||| READING scroll labelled CINUREG IGUHYJ.
  6260 | D:5      | 6260 ||| DRINKING 2 fuming black potions.
  6261 | D:5      | 6261 ||| READING 2 scrolls of identify.
  6261 | D:5      | 6261 ||| IDENTIFYING sedimented cyan potion
  6262 | D:5      | 6262 ||| DROPPING potion of flight.
  6263 | D:5      | 6263 ||| DROPPING potion of degeneration.
  6348 | D:6      | Reached skill level 7 in Axes
  6519 | D:6      | 6519 ||| Stepping ~*~*~tactically~*~*~ (hiding).
  6522 | D:6      | 6522 ||| Stepping ~*~*~tactically~*~*~ (hiding).
  6554 | D:6      | Found a runed translucent gate.
  6555 | D:6      | Noticed qw's ghost (novice GrFi)
  6572 | D:6      | 6572 ||| Stepping ~*~*~tactically~*~*~ (hiding).
  6820 | D:6      | Found a runed translucent gate.
  6820 | D:6      | Found a runed translucent gate.
  6851 | D:6      | 6851 ||| Stepping ~*~*~tactically~*~*~ (hiding).
  6852 | D:6      | 6852 ||| Stepping ~*~*~tactically~*~*~ (hiding).
  6853 | D:6      | 6853 ||| Stepping ~*~*~tactically~*~*~ (hiding).
  6860 | D:6      | 6860 ||| Stepping ~*~*~tactically~*~*~ (stealth).
  6861 | D:6      | 6861 ||| Stepping ~*~*~tactically~*~*~ (stealth).
  6879 | D:6      | 6879 ||| Stepping ~*~*~tactically~*~*~ (stealth).
  6942 | D:6      | Found a staircase to the Ecumenical Temple.
  6943 | D:6      | 6943 ||| PLANNING TEMPLE
  6943 | D:6      | 6943 ||| UPGRADING to +0 cloak.
  6953 | D:6      | Reached skill level 3 in Armour
  6965 | Temple   | Entered the Ecumenical Temple
  7057 | Temple   | 7057 ||| PLANNING D:1-11
  7061 | Temple   | Became a worshipper of Warmaster Okawaru
  7062 | Temple   | 7062 ||| REMOVING amulet of guardian spirit.
  7067 | Temple   | 7067 ||| REMOVING +3 Mad Mage's Maulers {Infuse+∞ RegenMP
                  | Int-3}.
  7072 | Temple   | 7072 ||| DROPPING +3 Mad Mage's Maulers {Infuse+∞ RegenMP
                  | Int-3}.
  7073 | Temple   | 7073 ||| DROPPING amulet of guardian spirit.
  7126 | D:6      | 7126 ||| Stepping ~*~*~tactically~*~*~ (hiding).
  7393 | D:6      | Found a runed translucent door.
  7394 | D:6      | Noticed Crazy Yiuf
  7529 | D:6      | Found a shimmering blue altar of Sif Muna.
  7587 | D:6      | Reached XP level 9. HP: 62/74 MP: 10/10
  7655 | D:6      | Reached skill level 8 in Axes
  7917 | D:6      | Reached skill level 6 in Fighting
  7934 | D:6      | Reached * piety under Okawaru
  8241 | D:6      | 8241 ||| DROPPING scarf of shadows.
  8242 | D:6      | 8242 ||| UPGRADING to +0 pair of boots.
  8279 | D:7      | 8279 ||| INVOKING Heroism.
  8373 | D:7      | 8373 ||| INVOKING Heroism.
  8385 | D:7      | Reached skill level 1 in Invocations
  8427 | D:7      | 8427 ||| Stepping ~*~*~tactically~*~*~ (hiding).
  8436 | D:7      | 8436 ||| INVOKING Heroism.
  8459 | D:7      | 8459 ||| Stepping ~*~*~tactically~*~*~ (stealth).
  8461 | D:7      | 8461 ||| INVOKING Heroism.
  8463 | D:7      | 8463 ||| Stepping ~*~*~tactically~*~*~ (hiding).
  8492 | D:7      | 8492 ||| SWAPPING to +0 vorpal war axe.
  8493 | D:7      | 8493 ||| DROPPING +0 hand axe of venom.
  8620 | D:7      | 8620 ||| INVOKING Heroism.
  8633 | D:7      | 8633 ||| INVOKING Heroism.
  8672 | D:7      | 8672 ||| Stepping ~*~*~tactically~*~*~ (stealth).
  8690 | D:7      | 8690 ||| INVOKING Heroism.
  8741 | D:7      | 8741 ||| INVOKING Heroism.
  8770 | D:7      | Reached skill level 3 in Invocations
  8779 | D:7      | 8779 ||| Stepping ~*~*~tactically~*~*~ (stealth).
  8790 | D:7      | 8790 ||| Stepping ~*~*~tactically~*~*~ (stealth).
  8797 | D:7      | 8797 ||| Stepping ~*~*~tactically~*~*~ (stealth).
  8799 | D:7      | 8799 ||| Stepping ~*~*~tactically~*~*~ (stealth).
  8872 | D:7      | 8872 ||| UPGRADING to +0 plate armour.
  8882 | D:7      | 8882 ||| DROPPING +0 chain mail.
  8883 | D:7      | 8883 ||| UPGRADING to +6 ring of dexterity.
  8884 | D:7      | 8884 ||| READING 3 scrolls of teleportation.
  8889 | D:7      | 8889 ||| READING 2 scrolls of teleportation.
  8911 | D:7      | 8911 ||| Stepping ~*~*~tactically~*~*~ (stealth).
  9064 | D:7      | Found Ynlolyryil's Book Emporium.
  9224 | D:7      | 9224 ||| Stepping ~*~*~tactically~*~*~ (stealth).
  9226 | D:7      | 9226 ||| Stepping ~*~*~tactically~*~*~ (stealth).
  9227 | D:7      | 9227 ||| Stepping ~*~*~tactically~*~*~ (stealth).
  9259 | D:7      | 9259 ||| Stepping ~*~*~tactically~*~*~ (stealth).
  9535 | D:7      | 9535 ||| Stepping ~*~*~tactically~*~*~ (cloud).
  9537 | D:7      | 9537 ||| INVOKING Heroism.
  9733 | D:7      | 9733 ||| INVOKING Heroism.
  9736 | D:7      | Reached skill level 9 in Axes
  9793 | D:7      | 9793 ||| READING scroll labelled FUEDAC OF WAI.
  9794 | D:7      | 9794 ||| READING 4 scrolls of identify.
  9794 | D:7      | 9794 ||| IDENTIFYING murky white potion
  9860 | D:8      | 9860 ||| INVOKING Heroism.
 10045 | D:8      | 10045 ||| DROPPING +1 flail of protection.
 10055 | D:8      | Identified the +4 long sword of Ciatifen {flame, *Slow
                  | Will+ Int+2}
 10086 | D:8      | Noticed a troll
 10087 | D:8      | 10087 ||| INVOKING Heroism.
 10098 | D:8      | Killed a troll
 10099 | D:8      | Reached XP level 10. HP: 80/86 MP: 10/12
 10144 | D:8      | 10144 ||| INVOKING Heroism.
 10211 | D:8      | Noticed a kobold demonologist
 10214 | D:8      | Noticed a soul eater
 10219 | D:8      | 10219 ||| INVOKING Heroism.
 10227 | D:8      | Killed a kobold demonologist
 10463 | D:8      | 10463 ||| INVOKING Heroism.
 10466 | D:8      | 10466 ||| Stepping randomly (cloudy).
 10476 | D:8      | 10476 ||| Stepping ~*~*~tactically~*~*~ (cloud).
 10599 | D:8      | Found an opulent altar of Gozag.
 10662 | D:8      | 10662 ||| Stepping ~*~*~tactically~*~*~ (stealth).
 10664 | D:8      | 10664 ||| Stepping ~*~*~tactically~*~*~ (hiding).
 10668 | D:8      | 10668 ||| INVOKING Heroism.
 10687 | D:8      | Reached ** piety under Okawaru
 11118 | D:8      | 11118 ||| Stepping ~*~*~tactically~*~*~ (stealth).
 11541 | D:8      | 11541 ||| READING 2 scrolls labelled KOP VAIMOTT.
 11542 | D:8      | 11542 ||| READING 4 scrolls of identify.
 11542 | D:8      | 11542 ||| IDENTIFYING brown potion
 11543 | D:8      | 11543 ||| DROPPING scroll of summoning.
 11558 | D:9      | Noticed a two-headed ogre
 11559 | D:9      | 11559 ||| Stepping ~*~*~tactically~*~*~ (stealth).
 11560 | D:9      | 11560 ||| INVOKING Heroism.
 11562 | D:9      | 11562 ||| Stepping ~*~*~tactically~*~*~ (stealth).
 11563 | D:9      | 11563 ||| Stepping ~*~*~tactically~*~*~ (stealth).
 11564 | D:9      | 11564 ||| STAIRDANCE
 11578 | D:9      | 11578 ||| STAIRDANCE
 11580 | D:8      | 11580 ||| INVOKING Heroism.
 11586 | D:8      | HP: 8/86 [two-headed ogre/+0 giant club (14)]
 11587 | D:8      | 11587 ||| READING 2 scrolls of teleportation.
 11587 | D:8      | Slain by a wyvern

Levels and vault maps discovered:
D:1:      ldierk_water_garden, layout_loops_ring, serial_shops,
          nicolae_square_shop
D:2:      cheibrodos_old_hovel, layout_basic
D:3:      layout_loops_cross, lemuel_crystal_altar, uniq_robin
D:4:      layout_loops_ring, nicolae_overflow_crystal_walls
D:5:      minmay_opposing_rooms, layout_basic, minmay_misc_feat_cross
D:6:      layout_loops_ring, kennysheep_mini, temple_fountains,
          biasface_ghost_orc_armoury, grunt_ministairs_11,
          corexii_item_surrounded_by_moat, uniq_crazy_yiuf_cottage
D:7:      layout_gridville, serial_co_window_serial, co_window_of_opportunity_a,
          co_window_of_opportunity_a, co_window_of_opportunity_a,
          co_window_cross_1, co_window_paths_a, co_window_cross_1,
          co_window_corner_cb, co_window_broadway_c, co_window_paths_c,
          co_window_broadway_b, serial_shops,
          nicolae_shop_competitors_out_of_business, minmay_misc_feat_diagonals,
          amethyst_killhole
D:8:      layout_basic, pf_just_have_faith
D:9:      minmay_twisted_water, layout_stronghold, amcnicky_altar_gilded,
          minmay_lair_entry_grove
Temple:   lightli_temple_of_artemis

Skill      XL: |  1  2  3  4  5  6  7  8  9 10 |
---------------+-------------------------------+-----
Axes           | 1 2 3 4 5 6 7 9 |  9.4
Fighting       | 1 2 3 4 5 7 |  7.3
Armour         | 1 2 3 4 5 |  5.0
Throwing       | 1 2 |  2.8
Invocations    | 4 |  4.0
Dodging        | 2 |  2.4
Stealth        | |  2.1
Spellcasting   | |  1.7
Summonings     | |  3.6

Action                   |  1- 3 |  4- 6 |  7- 9 | 10-12 || total
-------------------------+-------+-------+-------+-------++-------
Melee: Unarmed           |    22 |       |       |       ||    22
       Club              |    15 |       |       |       ||    15
       Spear             |   128 |   222 |       |       ||   350
       Punch             |     1 |     3 |     8 |     2 ||    14
       Hand axe          |       |    86 |   240 |       ||   326
       War axe           |       |       |   106 |    57 ||   163
Throw: Javelin           |       |    30 |    29 |    12 ||    71
       Boomerang         |       |       |     2 |       ||     2
 Cast: Summon Small Mamm |    44 |       |       |       ||    44
Invok: Heroism           |       |       |    12 |     6 ||    18
  Use: Scroll            |     5 |     8 |     7 |     3 ||    23
       Potion            |       |     1 |     1 |       ||     2
Armor: Robe              |    19 |       |       |       ||    19
       Chain mail        |    84 |   224 |   190 |       ||   498
       Plate armour      |       |       |    41 |    37 ||    78
Dodge: Dodged            |    74 |   110 |   124 |    29 ||   337

Table legend:
 A = Non-vault XP
 B = Vault XP
 C = Vault XP percentage of total XP
 D = Non-vault monster count
 E = Vault monster count
 F = Vault count percentage of total count
                 A         B        C        D         E       F
            +---------+---------+-------+---------+---------+-------
      Total |    4879 |    1154 |  19.1 |     161 |      26 |  13.9
            +---------+---------+-------+---------+---------+-------
        D:1 |      32 |       0 |   0.0 |      18 |       0 |   0.0
        D:2 |      66 |       1 |   1.5 |      25 |       1 |   3.8
        D:3 |      97 |      35 |  26.5 |      18 |      11 |  37.9
        D:4 |     149 |       0 |   0.0 |      12 |       0 |   0.0
        D:5 |     461 |     625 |  57.6 |      19 |      10 |  34.5
        D:6 |    1138 |     244 |  17.7 |      19 |       2 |   9.5
        D:7 |    1458 |       0 |   0.0 |      33 |       0 |   0.0
        D:8 |    1478 |     128 |   8.0 |      17 |       1 |   5.6
        D:9 |       0 |     121 | 100.0 |       0 |       1 | 100.0
            +---------+---------+-------+---------+---------+-------
